 Dungeon Crawl Stone Soup version 0.23-a0-416-g33f1def (webtiles) character file.

3065 Jawreze the Destroyer (level 9, -2/64 HPs)
             Began as a Demonspawn Wizard on Nov 9, 2018.
             Was a Believer of Sif Muna.
             Slain by a wight
             ... wielding a cursed +0 halberd
              (4 damage)
             ... on level 8 of the Dungeon.
             The game lasted 00:41:20 (15360 turns).

Jawreze the Destroyer (Demonspawn Wizard)          Turns: 15360, Time: 00:41:21

Health: -2/64      AC:  5    Str:  7    XL:     9   Next: 57%
Magic:  2/14       EV: 13    Int: 22    God:    Sif Muna [**....]
Gold:   358        SH:  0    Dex: 17    Spells: 3/14 levels left

rFire    + . .     SeeInvis .   x - +6 war axe of the Silent Majority {protect, Dex+4}
rCold    . . .     Gourm    .   (no shield)
rNeg     . . .     Faith    .   a - +0 robe
rPois    .         Spirit   .   b - +0 hat
rElec    .         Reflect  .   A - +0 cloak
rCorr    .         Harm     .   (no gloves)
MR       .....                  (no boots)
Stlth    +++.......             (no amulet)
HPRegen  0.20/turn              (no ring)
MPRegen  0.14/turn              (no ring)

@: very slightly contaminated, drained
A: horns 2, icy blue scales 1, fire resistance 1, nightstalker 1, flame cloud
immunity
a: Divine Energy, Renounce Religion


You were on level 8 of the Dungeon.
You worshipped Sif Muna.
Sif Muna was pleased with you.
You were not hungry.

You visited 2 branches of the dungeon, and saw 10 of its levels.

You collected 358 gold pieces.

Inventory:

Hand Weapons
 k - a +0 dagger of flaming
 x - the +6 war axe of the Silent Majority (weapon) {protect, Dex+4}
   (You found it on level 5 of the Dungeon)

   It protects the one who uses it against injury (+AC on strike).
   It affects your dexterity (+4).
Armour
 a - a +0 robe (worn)
 b - a +0 hat (worn)
 m - a +0 large shield
 A - a +0 cloak (worn)
Jewellery
 g - a +3 ring of intelligence {unknown}
 q - an uncursed ring of see invisible {unknown}
 u - an uncursed ring of protection from cold {unknown}
 v - a +3 ring of evasion {unknown}
 E - a +4 ring of dexterity {unknown}
Wands
 z - a wand of scattershot (5)
 C - a wand of iceblast (8)
Scrolls
 c - 4 scrolls of amnesia {unknown}
 e - 3 scrolls of immolation {unknown}
 h - 10 scrolls of remove curse {unknown}
 i - 8 scrolls of identify {unknown}
 j - 5 scrolls of teleportation {unknown}
 n - 3 scrolls of fog {unknown}
 o - 5 scrolls of fear {unknown}
 s - 4 scrolls of enchant weapon {unknown}
 t - 2 scrolls of noise {unknown}
 y - 3 scrolls of blinking {unknown}
 F - 3 scrolls of enchant armour {unknown}
 G - a scroll of acquirement {unknown}
Potions
 f - a potion of heal wounds {unknown}
 l - a potion of flight {unknown}
 p - a potion of invisibility {unknown}
 r - 2 potions of curing {unknown}
 w - 2 potions of haste {unknown}
 B - a potion of might {unknown}
 D - a potion of brilliance {unknown}
 H - a potion of resistance {unknown}
 I - 2 potions of degeneration {unknown}
Comestibles
 d - 19 rations


   Skills:
 + Level 3.3(2.3) Fighting
 - Level 0.2(0.0) Short Blades
 * Level 3.5(2.5) Axes
 + Level 3.2(2.2) Dodging
 - Level 1.7(0.8) Stealth
 - Level 3.4(2.4) Spellcasting
 - Level 8.0(6.8) Conjurations
 - Level 2.3(1.3) Summonings
 + Level 3.0(2.0) Translocations
 - Level 4.6(3.6) Air Magic
 - Level 5.0(4.0) Poison Magic


You had 3 spell levels left.
You knew the following spells:

 Your Spells              Type           Power        Failure   Level  Hunger
a - Magic Dart            Conj           ####         1%          1    None
b - Call Imp              Summ           #.......     12%         2    ##.....
c - Blink                 Tloc           N/A          9%          2    ##.....
d - Mephitic Cloud        Conj/Pois/Air  ###.....     5%          3    ###....
e - Conjure Flame         Conj/Fire      ###.....     10%         3    ###....

Your spell library contained the following spells:

 Spells                   Type           Power        Failure   Level  Hunger
 Searing Ray              Conj           ####..       1%          2    ##.....
 Apportation              Tloc           ##....       6%          1    None
 Summon Small Mammal      Summ           #...         8%          1    None
 Dazzling Spray           Conj/Hex       ###...       10%         3    ###....
 Animate Skeleton         Necr           N/A          13%         1    None
 Confusing Touch          Hex            #.....       13%         1    None
 Corona                   Hex            #......      13%         1    None
 Pain                     Necr           #...         13%         1    None
 Ensorcelled Hibernation  Hex/Ice        #.....       21%         2    ##.....
 Slow                     Hex            #.......     21%         2    ##.....
 Confuse                  Hex            #.......     36%         3    ###....
 Regeneration             Chrm/Necr      #.........   36%         3    ###....
 Tukima's Dance           Hex            #.......     36%         3    ###....
 Vampiric Draining        Necr           #.........   36%         3    ###....
 Iskenderun's Mystic Bla  Conj           ####....     8%          4    ####...
 Force Lance              Conj/Tloc      ###.....     22%         4    ####...
 Fulminant Prism          Conj/Hex       ###.......   32%         4    ####...
 Animate Dead             Necr           N/A          78%         4    ####...


Dungeon Overview and Level Annotations

Branches:
Dungeon (9/15)             Temple (1/1) D:4
   Lair: D:8-11         Orc: D:9-12

Altars:
Ashenzari
Cheibriados
Dithmenos
Elyvilon
Fedhas
Gozag
Hepliaklqana
Makhleb
Nemelex Xobeh
Okawaru
Qazlal
Ru
Sif Muna
Trog
Uskayaw
Vehumet
Wu Jian
Xom
Yredelemnul
Zin
The Shining One

Annotations:
D:4 exclusion: downstairs
D:7 exclusions: hornet and 2 wights
D:8 3 runed doors, exclusion: 2 downstairs, Tenar's ghost, novice BaFi


Innate Abilities, Weirdness & Mutations

You have a pair of horns on your head.
You are partially covered in icy blue scales. (AC +2)
Your flesh is heat resistant. (rF+)
You are slightly more attuned to the shadows.
You are immune to clouds of flame.


Message History

Press: ? - help, Shift-Dir - straight line, f/p - wight
Aim: a wight, wielding a +0 halberd and wearing a +0 robe (almost destroyed)
The magic dart hits the wight.
The wight is almost destroyed.
The wight hits you from afar with a cursed +0 halberd!
* * * LOW HITPOINT WARNING * * *
Your white imp gestures at the wight.
The puff of frost hits the wight.
The wight resists.
Your white imp hits the wight but does no damage.
Casting: Magic Dart (safe; 1% risk of failure)
Confirm with . or Enter, or press ? or * to list all spells.
Aiming: Magic Dart (safe; 1% risk of failure)
Press: ? - help, Shift-Dir - straight line, f/p - wight
Aim: a wight, wielding a +0 halberd and wearing a +0 robe (almost destroyed)
The magic dart hits the wight.
The wight is almost destroyed.
The wight hits you from afar with a cursed +0 halberd!
* * * LOW HITPOINT WARNING * * *
You feel drained.
You die...

≈≈≈#..#...........#.#.#.#......#.
≈≈⌠#..#........................#h
####.##.............#.#.#...#..#F
.....##.........###.......####.#W
#######...........#........###.#.
######.......55#...........##.#.
#.............z###.##.##......#.
#..................#..##......##
#............<.@.......#........
#.......########...########.....
#.......# #...# #..... #.#####.#
#...# #..... #.#...#.# #...#
#..... #.#.#.### #...# #.....
#.#.#.##########...########.....
#.#[#.#........#...#............
#.#.#.#.########...#############


You could see a wight and 2 friendly white imps.

Vanquished Creatures
  2 hippogriffs (D:8)
  Grinder (D:3)
  Sigmund (D:5)
  A necrophage (D:9)
  3 sky beasts
  An ice beast (D:5)
  A centaur (D:7)
  5 ogres
  4 bullfrogs
  A scorpion (D:9)
  A howler monkey (D:6)
  5 crimson imps
  A centaur zombie (D:9)
  2 orc wizards
  3 orc priests
  A hound (D:9)
  2 bullfrog skeletons (D:5)
  3 iguanas
  4 worker ants
  2 hound zombies
  2 mummies
  6 adders
  4 gnolls (D:5)
  2 shadow imps
  An ooze (D:3)
  2 worms
  5 leopard geckos
  20 orcs
  7 bats
  3 giant cockroaches
  7 goblins
  7 hobgoblins
  17 jackals
  7 kobolds
  4 quokkas
  4 frilled lizards
  A leopard gecko skeleton (D:5)
  5 rats
148 creatures vanquished.

Vanquished Creatures (collateral kills)
  Menkaure (D:7)
  2 necrophages
  A scorpion (D:4)
  3 jellies (D:7)
  A worker ant (D:7)
8 creatures vanquished.

Vanquished Creatures (others)
  A quokka (D:6)
1 creature vanquished.

Grand Total: 157 creatures vanquished

Notes
Turn   | Place    | Note
-------+----------+-------------------------------------------
     0 | D:1      | Jawreze the Demonspawn Wizard began the quest for the Orb.
     0 | D:1      | Reached XP level 1. HP: 13/13 MP: 4/4
   490 | D:1      | Gained mutation: Your flesh is heat resistant. (rF+)
                  | [demonic ancestry]
   490 | D:1      | Reached XP level 2. HP: 20/20 MP: 3/6
   960 | D:2      | Reached skill level 1 in Fighting
   960 | D:2      | Reached skill level 2 in Conjurations
  1096 | D:2      | Learned a level 2 spell: Call Imp
  1099 | D:2      | Learned a level 2 spell: Blink
  1222 | D:2      | Gained mutation: You are immune to clouds of flame.
                  | [demonic ancestry]
  1222 | D:2      | Reached XP level 3. HP: 26/26 MP: 5/7
  1351 | D:2      | Reached skill level 1 in Translocations
  2112 | D:3      | Noticed Grinder
  2112 | D:3      | Paralysed by Grinder for 3 turns
  2119 | D:3      | Paralysed by Grinder for 3 turns
  2127 | D:3      | Paralysed by Grinder for 3 turns
  2226 | D:2      | Learned a level 3 spell: Mephitic Cloud
  2254 | D:3      | Reached XP level 4. HP: 32/32 MP: 7/9
  3269 | D:4      | Noticed an ogre
  3297 | D:4      | Found a staircase to the Ecumenical Temple.
  3305 | Temple   | Entered the Ecumenical Temple
  3497 | Temple   | Became a worshipper of Sif Muna the Loreminder
  3991 | D:4      | Reached skill level 3 in Conjurations
  3991 | D:4      | Reached XP level 5. HP: 37/37 MP: 0/10
  4116 | D:4      | Reached skill level 1 in Poison Magic
  4398 | D:4      | Reached skill level 1 in Air Magic
  5058 | D:5      | Entered Level 5 of the Dungeon
  5332 | D:5      | Found a sacrificial altar of Ru.
  5375 | D:5      | Noticed an ice beast
  5407 | D:5      | Got a crystal war axe
  5408 | D:5      | Identified the +6 war axe of the Silent Majority {protect,
                  | Dex+4} (You found it on level 5 of the Dungeon)
  5460 | D:5      | Gained mutation: You are slightly more attuned to the
                  | shadows. [demonic ancestry]
  5460 | D:5      | Reached XP level 6. HP: 25/43 MP: 0/11
  5594 | D:5      | Noticed Sigmund
  5608 | D:5      | Killed Sigmund
  5608 | D:5      | Reached * piety under Sif Muna
  5608 | D:5      | Reached skill level 4 in Conjurations
  5770 | D:5      | Noticed a sky beast
  5779 | D:5      | Killed a sky beast
  5779 | D:5      | Gained mutation: You are partially covered in icy blue
                  | scales. (AC +2) [demonic ancestry]
  5779 | D:5      | Reached XP level 7. HP: 48/48 MP: 1/12
  6448 | D:4      | Reached skill level 5 in Conjurations
  7835 | D:6      | Reached skill level 6 in Conjurations
  8024 | D:6      | Gained mutation: You have a pair of small horns on your
                  | head. [demonic ancestry]
  8024 | D:6      | Reached XP level 8. HP: 47/54 MP: 4/13
  8061 | D:6      | Reached ** piety under Sif Muna
  8063 | D:6      | Found a radiant altar of Vehumet.
  8280 | D:6      | Found a white marble altar of Elyvilon.
  9341 | D:7      | Noticed a hornet
  9559 | D:7      | Reached skill level 7 in Conjurations
  9831 | D:7      | Learned a level 3 spell: Conjure Flame
 10452 | D:7      | Noticed Menkaure
 11600 | D:3      | Paralysed by Grinder for 2 turns
 11604 | D:3      | Killed Grinder
 11604 | D:3      | Reached skill level 8 in Conjurations
 11604 | D:3      | Reached skill level 5 in Poison Magic
 11880 | D:5      | Gained mutation: You have a pair of horns on your head.
                  | [demonic ancestry]
 11880 | D:5      | Reached XP level 9. HP: 61/61 MP: 8/14
 12559 | D:7      | Killed Menkaure
 12883 | D:8      | Reached skill level 1 in Axes
 12958 | D:8      | Noticed a red ugly thing
 12959 | D:8      | Noticed Tenar's ghost (novice BaFi)
 12963 | D:8      | Found a runed gate.
 13038 | D:8      | Found a snail-covered altar of Cheibriados.
 13412 | D:8      | Found a runed gate.
 13412 | D:8      | Found a runed gate.
 14452 | D:9      | Noticed a two-headed ogre
 14452 | D:9      | Noticed a four-headed hydra
 15360 | D:8      | HP: 2/64 [wight/cursed +0 halberd (11)]
 15360 | D:8      | Slain by a wight

Vault maps used:
D:1:      ncdulo_halloftheorcs
D:2:      minmay_misc_feat_hallway, kennysheep_flooded_box
D:3:      wad_pebble_path, uniq_grinder
D:4:      temple_fountains, grunt_ministairs_12, minmay_misc_feat_x
D:5:      nicolae_overflow_hidden_temple, first_ration,
          hangedman_decor_opposing, uniq_sigmund
D:6:      fiery_altar_vehumet, dk_vineyard_1, lemuel_altar_in_water
D:7:      uniq_menkaure
D:8:      cheibrodos_worm_habitat, gammafunk_ghost_split,
          serial_co_window_serial, co_window_paths_b, co_window_corner_a,
          co_window_corner_a, co_window_of_opportunity_a, co_window_paths_a,
          co_window_corner_a, co_window_cross_1, co_window_corner_ca,
          co_window_broadway_b, co_window_corner_b, co_window_broadway_c,
          co_window_2corner, co_window_broadway_b, co_window_paths_e,
          glass_columns_b, glass_columns_a, glass_columns_a, grunt_ogre_cave
D:9:      cheibrodos_shockbox, serial_undead, serial_undead_b, serial_undead_e,
          serial_undead_c, serial_undead_a, serial_undead_d, serial_undead_f,
          serial_undead_b, serial_undead_a
Temple:   dpeg_five_rooms_temple

Skill      XL: |  1  2  3  4  5  6  7  8  9 |
---------------+----------------------------+-----
Fighting       | 1 3 |  3.3
Conjurations   | 2 3 4 6 8 |  8.0
Translocations | 1 3 |  3.0
Summonings     | 2 |  2.3
Poison Magic   | 1 2 3 5 |  5.0
Air Magic      | 1 2 3 4 |  4.6
Dodging        | 2 3 |  3.2
Axes           | 3 |  3.5
Short Blades   | |  0.2
Stealth        | |  1.7
Spellcasting   | |  3.4

Action                   |  1- 3 |  4- 6 |  7- 9 || total
-------------------------+-------+-------+-------++-------
Melee: Unarmed           |     3 |       |       ||     3
       Dagger            |    26 |    30 |       ||    56
       War axe           |       |     5 |    64 ||    69
       Headbutt          |       |       |     6 ||     6
 Cast: Magic Dart        |    88 |   126 |   323 ||   537
       Call Imp          |     2 |     3 |    41 ||    46
       Blink             |       |     3 |     7 ||    10
       Mephitic Cloud    |       |    10 |    33 ||    43
       Conjure Flame     |       |       |     6 ||     6
 Stab: Confused          |       |     5 |     1 ||     6
  Eat: Chunk             |     4 |    11 |    12 ||    27
       Ration            |       |       |     7 ||     7
Armor: Robe              |    11 |     3 |    46 ||    60
Dodge: Dodged            |    22 |    27 |    93 ||   142

Table legend:
 A = Non-vault XP
 B = Vault XP
 C = Vault XP percentage of total XP
 D = Non-vault monster count
 E = Vault monster count
 F = Vault count percentage of total count
                 A         B        C        D         E       F
            +---------+---------+-------+---------+---------+-------
      Total |    3368 |    1011 |  23.1 |     146 |      10 |   6.4
            +---------+---------+-------+---------+---------+-------
        D:1 |      19 |       0 |   0.0 |      12 |       0 |   0.0
        D:2 |      70 |       0 |   0.0 |      20 |       0 |   0.0
        D:3 |      28 |     225 |  88.9 |      11 |       1 |   8.3
        D:4 |     432 |       0 |   0.0 |      23 |       0 |   0.0
        D:5 |     606 |     238 |  28.2 |      25 |       1 |   3.8
        D:6 |     455 |       0 |   0.0 |      13 |       0 |   0.0
        D:7 |     753 |     103 |  12.0 |      18 |       1 |   5.3
        D:8 |     693 |     239 |  25.6 |      10 |       4 |  28.6
        D:9 |     312 |     206 |  39.8 |      14 |       3 |  17.6
            +---------+---------+-------+---------+---------+-------
